[ AOE2 MATCH · #506219381 ]
UnrankedDravidians vs Cumans
Player's team · WIN
Rival team · LOSS
[ REPLAY ANALYSIS · EXTRACTED FROM THE RECORDED GAME ]
Feudal
9:17
Castle
—
Imperial
—
| APM avg | 52.2 |
| APM peak | 93 |
| eAPM avg | 27.4 |
| Villagers / military | 51 / 36 |
Focus
⚔️ 45.9% · 🌾 54.1%
Skirmisher ×19 · Spearman ×13 · Militia ×4
Feudal
8:58
Castle
—
Imperial
—
| APM avg | 57.5 |
| APM peak | 108 |
| eAPM avg | 22.5 |
| Villagers / military | 41 / 13 |
Focus
⚔️ 40.6% · 🌾 59.4%
Scout Cavalry ×7 · Archer ×6
Match map
Initial resources + every placement click. Lines = walls · curves = elevation contours. ◆ gold · ⬟ stone · ● berries · ✦ relic · ◌ wall gap
Your base· Open — 5t gap
zankoku sekai no akuma's base· Open — unwalled flank
Smoothed initial terrain · ◌ = detected wall gap · hover for details
Inputs per minute
— wR.Monoz - - zankoku sekai no akuma
Build order — wR.Monoz
First 150 of 166 actions detected
| 0:00 | Queue | Villager (Male) |
| 0:01 | Queue | Villager (Male) |
| 0:01 | Queue | Villager (Male) |
| 0:02 | Build | House |
| 0:02 | Build | House |
| 0:09 | Queue | Villager (Male) |
| 0:09 | Queue | Villager (Male) |
| 1:26 | Build | House |
| 1:41 | Queue | Villager (Male) |
| 1:54 | Queue | Villager (Male) |
| 1:54 | Queue | Villager (Male) |
| 2:10 | Queue | Villager (Male) |
| 2:10 | Queue | Villager (Male) |
| 2:18 | Build | Lumber Camp |
| 2:34 | Queue | Villager (Male) |
| 2:34 | Queue | Villager (Male) |
| 3:12 | Queue | Villager (Male) |
| 3:12 | Queue | Villager (Male) |
| 3:12 | Queue | Villager (Male) |
| 3:35 | Queue | Villager (Male) |
| 3:52 | Build | House |
| 4:03 | Queue | Villager (Male) |
| 4:29 | Queue | Villager (Male) |
| 5:24 | Queue | Villager (Male) |
| 5:37 | Build | Barracks |
| 5:47 | Queue | Villager (Male) |
| 5:55 | Queue | Villager (Male) |
| 5:55 | Research | Loom |
| 6:01 | Build | House |
| 6:33 | Build | House |
| 6:47 | Research | Feudal Age |
| 6:47 | Research | Feudal Age |
| 7:00 | Queue | Militia |
| 7:00 | Queue | Militia |
| 7:26 | Queue | Militia |
| 7:45 | Queue | Militia |
| 7:47 | Build | Mill |
| 8:27 | Queue | Villager (Male) |
| 8:30 | Build | House |
| 9:11 | Build | Farm |
| 9:12 | Build | Farm |
| 9:17 | Age | Feudal Age |
| 9:17 | Research | Man-at-Arms (upgrade) |
| 9:17 | Research | Man-at-Arms (upgrade) |
| 9:27 | Build | Archery Range |
| 9:31 | Queue | Villager (Male) |
| 9:34 | Build | Farm |
| 9:34 | Build | Farm |
| 9:44 | Research | Double-Bit Axe |
| 9:49 | Build | Farm |
| 10:06 | Queue | Villager (Male) |
| 10:33 | Queue | Villager (Male) |
| 10:39 | Queue | Skirmisher |
| 10:41 | Build | House |
| 10:42 | Queue | Spearman |
| 10:53 | Build | Farm |
| 10:55 | Queue | Villager (Male) |
| 11:02 | Research | Horse Collar |
| 11:07 | Build | Farm |
| 11:13 | Build | House |
| 11:15 | Build | Palisade Gate |
| 11:25 | Queue | Villager (Male) |
| 11:25 | Queue | Villager (Male) |
| 11:27 | Build | Farm |
| 11:32 | Build | House |
| 11:33 | Build | House |
| 11:44 | Queue | Skirmisher |
| 11:45 | Queue | Skirmisher |
| 11:48 | Queue | Villager (Male) |
| 11:55 | Build | Palisade Gate |
| 12:02 | Build | House |
| 12:05 | Queue | Villager (Male) |
| 12:09 | Queue | Skirmisher |
| 12:10 | Queue | Skirmisher |
| 12:18 | Queue | Spearman |
| 12:30 | Queue | Skirmisher |
| 12:33 | Build | Palisade Wall |
| 12:33 | Build | Palisade Wall |
| 12:34 | Build | Palisade Wall |
| 12:35 | Build | Palisade Wall |
| 12:38 | Queue | Villager (Male) |
| 12:48 | Queue | Skirmisher |
| 12:48 | Queue | Skirmisher |
| 12:55 | Queue | Villager (Male) |
| 12:55 | Queue | Villager (Male) |
| 13:01 | Build | Palisade Wall |
| 13:02 | Build | Palisade Wall |
| 13:06 | Queue | Villager (Male) |
| 13:07 | Build | Farm |
| 13:26 | Queue | Villager (Male) |
| 13:44 | Build | Blacksmith |
| 13:47 | Queue | Villager (Male) |
| 14:04 | Build | Mining Camp |
| 14:05 | Queue | Skirmisher |
| 14:05 | Queue | Skirmisher |
| 14:19 | Queue | Skirmisher |
| 14:23 | Queue | Villager (Male) |
| 14:29 | Build | House |
| 14:36 | Queue | Villager (Male) |
| 14:37 | Build | Farm |
| 14:49 | Queue | Skirmisher |
| 14:51 | Research | Arson |
| 14:51 | Research | Arson |
| 14:55 | Queue | Villager (Male) |
| 14:56 | Build | Farm |
| 14:56 | Build | Farm |
| 15:11 | Research | Scale Mail Armor |
| 15:16 | Queue | Spearman |
| 15:19 | Queue | Skirmisher |
| 15:24 | Research | Fletching |
| 15:27 | Queue | Spearman |
| 15:28 | Queue | Skirmisher |
| 15:28 | Queue | Villager (Male) |
| 15:31 | Build | Farm |
| 15:46 | Queue | Spearman |
| 16:08 | Queue | Skirmisher |
| 16:10 | Queue | Spearman |
| 16:11 | Queue | Skirmisher |
| 16:20 | Research | Scale Mail Armor |
| 16:21 | Queue | Villager (Male) |
| 16:22 | Build | Farm |
| 16:23 | Build | Farm |
| 16:31 | Queue | Skirmisher |
| 16:32 | Queue | Villager (Male) |
| 16:32 | Queue | Villager (Male) |
| 16:43 | Build | Lumber Camp |
| 16:56 | Build | Farm |
| 17:04 | Queue | Spearman |
| 17:06 | Queue | Villager (Male) |
| 17:29 | Queue | Villager (Male) |
| 17:30 | Queue | Skirmisher |
| 17:30 | Queue | Spearman |
| 17:31 | Queue | Villager (Male) |
| 17:33 | Build | House |
| 17:34 | Build | Farm |
| 17:55 | Queue | Villager (Male) |
| 17:56 | Build | House |
| 17:57 | Build | House |
| 18:37 | Queue | Spearman |
| 18:43 | Queue | Spearman |
| 18:46 | Queue | Villager (Male) |
| 18:48 | Build | Farm |
| 18:48 | Build | Farm |
| 18:50 | Build | Farm |
| 18:51 | Build | Farm |
| 18:51 | Build | Farm |
| 19:04 | Queue | Spearman |
| 19:05 | Build | Farm |
| 19:07 | Build | Farm |
| 19:23 | Queue | Spearman |
Build order — zankoku sekai no akuma
132 actions detected in the replay
| 0:00 | Queue | Villager (Male) |
| 0:01 | Build | House |
| 0:03 | Build | House |
| 0:06 | Queue | Villager (Male) |
| 0:06 | Queue | Villager (Male) |
| 0:10 | Queue | Villager (Male) |
| 1:24 | Queue | Villager (Male) |
| 1:25 | Queue | Villager (Male) |
| 1:47 | Build | Lumber Camp |
| 2:01 | Queue | Villager (Male) |
| 2:01 | Queue | Villager (Male) |
| 2:19 | Queue | Villager (Male) |
| 2:45 | Queue | Villager (Male) |
| 3:03 | Queue | Villager (Male) |
| 3:37 | Queue | Villager (Male) |
| 3:51 | Build | House |
| 3:52 | Build | House |
| 4:02 | Queue | Villager (Male) |
| 4:17 | Queue | Villager (Male) |
| 4:44 | Queue | Villager (Male) |
| 4:58 | Queue | Villager (Male) |
| 5:04 | Build | Mill |
| 5:26 | Queue | Villager (Male) |
| 6:12 | Research | Loom |
| 6:48 | Research | Feudal Age |
| 7:28 | Build | Barracks |
| 7:42 | Queue | Villager (Male) |
| 8:21 | Build | House |
| 8:30 | Build | Mining Camp |
| 8:55 | Build | Palisade Wall |
| 8:57 | Build | Palisade Wall |
| 8:58 | Age | Feudal Age |
| 9:06 | Build | Archery Range |
| 9:08 | Build | Palisade Wall |
| 9:08 | Build | Palisade Wall |
| 9:11 | Build | Palisade Wall |
| 9:12 | Build | Palisade Wall |
| 9:12 | Build | Palisade Wall |
| 9:16 | Research | Double-Bit Axe |
| 9:17 | Queue | Villager (Male) |
| 9:28 | Queue | Villager (Male) |
| 9:56 | Build | Palisade Wall |
| 9:57 | Build | Palisade Wall |
| 10:00 | Queue | Archer |
| 10:02 | Build | Palisade Wall |
| 10:02 | Build | Palisade Wall |
| 10:14 | Queue | Archer |
| 10:36 | Queue | Villager (Male) |
| 10:44 | Queue | Villager (Male) |
| 10:46 | Build | Farm |
| 10:46 | Build | Farm |
| 10:54 | Build | Farm |
| 11:00 | Queue | Archer |
| 11:03 | Queue | Villager (Male) |
| 11:08 | Build | Stable |
| 11:25 | Queue | Villager (Male) |
| 11:31 | Build | Farm |
| 11:32 | Build | Farm |
| 11:37 | Build | Palisade Wall |
| 11:39 | Build | Palisade Wall |
| 11:41 | Queue | Archer |
| 11:44 | Queue | Villager (Male) |
| 11:56 | Build | Stable |
| 12:04 | Build | Farm |
| 12:06 | Build | Farm |
| 12:17 | Queue | Archer |
| 12:21 | Build | House |
| 12:24 | Build | House |
| 12:33 | Queue | Villager (Male) |
| 12:55 | Queue | Scout Cavalry |
| 12:55 | Queue | Scout Cavalry |
| 12:59 | Build | Blacksmith |
| 13:01 | Queue | Villager (Male) |
| 13:05 | Queue | Archer |
| 13:07 | Build | House |
| 13:09 | Build | Palisade Wall |
| 13:19 | Build | Palisade Wall |
| 13:30 | Build | House |
| 13:33 | Build | Palisade Wall |
| 13:37 | Queue | Villager (Male) |
| 13:38 | Queue | Scout Cavalry |
| 13:50 | Build | Farm |
| 13:51 | Queue | Scout Cavalry |
| 13:54 | Queue | Villager (Male) |
| 13:57 | Build | House |
| 13:58 | Build | Palisade Wall |
| 14:10 | Build | Farm |
| 14:20 | Research | Fletching |
| 14:30 | Queue | Villager (Male) |
| 14:37 | Build | Farm |
| 14:38 | Build | Farm |
| 14:42 | Build | Farm |
| 14:48 | Queue | Scout Cavalry |
| 14:52 | Build | Palisade Wall |
| 15:11 | Queue | Villager (Male) |
| 15:29 | Build | House |
| 15:33 | Queue | Villager (Male) |
| 15:35 | Build | Farm |
| 15:50 | Queue | Villager (Male) |
| 16:07 | Queue | Scout Cavalry |
| 16:10 | Build | Farm |
| 16:11 | Build | Farm |
| 16:17 | Build | Farm |
| 16:21 | Research | Bloodlines |
| 16:22 | Research | Bloodlines |
| 16:24 | Build | House |
| 16:35 | Build | Farm |
| 16:39 | Queue | Villager (Male) |
| 16:59 | Queue | Scout Cavalry |
| 17:02 | Build | House |
| 17:08 | Build | Farm |
| 17:10 | Queue | Villager (Male) |
| 17:21 | Build | Lumber Camp |
| 17:26 | Research | Forging |
| 17:41 | Queue | Villager (Male) |
| 18:23 | Queue | Villager (Male) |
| 18:39 | Queue | Villager (Male) |
| 18:59 | Queue | Villager (Male) |
| 19:02 | Build | Lumber Camp |
| 19:06 | Build | House |
| 19:26 | Queue | Villager (Male) |
| 19:27 | Build | Farm |
| 19:40 | Build | Palisade Wall |
| 19:43 | Build | House |
| 19:50 | Build | Farm |
| 20:06 | Queue | Villager (Male) |
| 20:15 | Build | Palisade Wall |
| 20:21 | Build | Farm |
| 20:24 | Build | Farm |
| 20:24 | Build | Farm |
| 20:49 | Build | Farm |
| 21:15 | Research | Castle Age |
Match timeline
| 5:37 | wR.Monoz · first_building Barracks |
| 7:28 | zankoku sekai no akuma · first_building Barracks |
| 8:55 | zankoku sekai no akuma · wall_segment Palisade Wall x3 |
| 8:57 | zankoku sekai no akuma · wall_segment Palisade Wall x1 |
| 8:58 | zankoku sekai no akuma · age_up feudal |
| 9:06 | zankoku sekai no akuma · first_building Archery Range |
| 9:08 | zankoku sekai no akuma · wall_segment Palisade Wall x2 |
| 9:08 | zankoku sekai no akuma · wall_segment Palisade Wall x1 |
| 9:11 | zankoku sekai no akuma · wall_segment Palisade Wall x1 |
| 9:12 | zankoku sekai no akuma · wall_segment Palisade Wall x1 |
| 9:12 | zankoku sekai no akuma · wall_segment Palisade Wall x1 |
| 9:17 | wR.Monoz · age_up feudal |
| 9:27 | wR.Monoz · first_building Archery Range |
| 9:56 | zankoku sekai no akuma · wall_segment Palisade Wall x1 |
| 9:57 | zankoku sekai no akuma · wall_segment Palisade Wall x1 |
| 10:02 | zankoku sekai no akuma · wall_segment Palisade Wall x1 |
| 10:02 | zankoku sekai no akuma · wall_segment Palisade Wall x1 |
| 11:08 | zankoku sekai no akuma · first_building Stable |
| 11:37 | zankoku sekai no akuma · wall_segment Palisade Wall x1 |
| 11:39 | zankoku sekai no akuma · wall_segment Palisade Wall x1 |
| 12:33 | wR.Monoz · wall_segment Palisade Wall x1 |
| 12:33 | wR.Monoz · wall_segment Palisade Wall x1 |
| 12:34 | wR.Monoz · wall_segment Palisade Wall x1 |
| 12:35 | wR.Monoz · wall_segment Palisade Wall x7 |
| 13:01 | wR.Monoz · wall_segment Palisade Wall x3 |
| 13:02 | wR.Monoz · wall_segment Palisade Wall x6 |
| 13:09 | zankoku sekai no akuma · wall_segment Palisade Wall x10 |
| 13:19 | zankoku sekai no akuma · wall_segment Palisade Wall x1 |
| 13:33 | zankoku sekai no akuma · wall_segment Palisade Wall x1 |
| 13:58 | zankoku sekai no akuma · wall_segment Palisade Wall x4 |
| 14:52 | zankoku sekai no akuma · wall_segment Palisade Wall x5 |
| 19:40 | zankoku sekai no akuma · wall_segment Palisade Wall x1 |
| 20:15 | zankoku sekai no akuma · wall_segment Palisade Wall x1 |
| 20:23 | wR.Monoz · wall_segment Palisade Wall x1 |
| 21:35 | zankoku sekai no akuma · resign |
[ AI ANALYSIS · 1 CREDIT ]
What really happened in this match?
Wolo.gg analyzes every decision: build order, eco, micro, common mistakes by bracket. Personalized analysis on WhatsApp or Discord in 30 seconds.
Civ guide
Dravidians
Perfil
Jugador #6779041